 Dungeon Crawl Stone Soup version 0.19-a0-1772-g09c4438 (webtiles) character file.

25 AlphaAb the Changer (level 2, 0/14 HPs)
             Began as a Spriggan Transmuter on Oct 3, 2016.
             Slain by a worm (8 damage)
             ... on level 1 of the Dungeon.
             The game lasted 00:02:13 (713 turns).

AlphaAb the Changer (Spriggan Transmuter)            Turns: 713, Time: 00:02:14

Health: 0/14       AC:  2    Str:  6    XL:     2   Next: 82%
Magic:  5/6        EV: 18    Int: 14    God:
Gold:   24         SH:  0    Dex: 20    Spells: 1 memorised, 5 levels left

rFire  . . .     SeeInvis +       - Unarmed
rCold  . . .     Gourm    .     b - +0 robe
rNeg   . . .     Faith    .     (shield restricted)
rPois  .         Spirit   .     (helmet restricted)
rElec  .         Dismiss  .     (no cloak)
rCorr  .         Reflect  .     (gloves unavailable)
MR     .....     Harm     .     (boots unavailable)
Stlth  ++........               (no amulet)
                                (no ring)
                                h - +4 ring of dexterity

@: appendage (expiring), very quick
A: unfitting armour, talons 3, see invisible, herbivore 3, speed 3, slow
metabolism 2
a: End Transformation


You were on level 1 of the Dungeon.
You were not hungry.
You had grown temporary talons.
You visited 1 branch of the dungeon, and saw 2 of its levels.

You collected 24 gold pieces.

Inventory:

Hand Weapons
 l - a +1 short sword of venom
Missiles
 a - 12 arrows
 j - 34 stones (quivered)
Armour
 b - a +0 robe (worn)
Jewellery
 h - a +4 ring of dexterity (left hand)
Scrolls
 f - a scroll of remove curse
 k - 2 scrolls of teleportation
 m - a scroll of random uselessness {unknown}
 o - a scroll of enchant weapon {unknown}
Potions
 e - 2 potions of mutation {unknown}
 g - a potion of brilliance {unknown}
 i - 2 potions of lignification {unknown}
 n - 3 potions of invisibility {unknown}
 p - a potion of might {unknown}
Books
 c - a book of Changes

   Spells                             Type                      Level
   a - Beastly Appendage              Transmutation                1
   b - Sticks to Snakes               Transmutation                2
   c - Spider Form                    Transmutation/Poison         3
   d - Ice Form                       Ice/Transmutation            4
   e - Blade Hands                    Transmutation                5
Comestibles
 d - a bread ration


   Skills:
 - Level 0.7 Fighting
 - Level 3.0 Dodging
 * Level 3.0 Unarmed Combat
 + Level 2.7 Spellcasting
 * Level 3.5 Transmutations


You had 5 spell levels left.
You knew the following spells:

 Your Spells              Type           Power        Failure   Level  Hunger
a - Beastly Appendage     Tmut           ##....       6%          1    #......


Dungeon Overview and Level Annotations

Branches:
Dungeon (2/15)

Altars:


Innate Abilities, Weirdness & Mutations

You are very small and have problems with some larger weapons.
You are too small for most types of armour.
You have supernaturally acute eyesight. (SInv)
You are a herbivore.
You cover ground extremely quickly.
You need consume almost no food.
You have claws for feet.


Message History

You are too injured to fight recklessly!
You are too injured to fight recklessly!
You are too injured to fight recklessly!
You are too injured to fight recklessly!
You are too injured to fight recklessly!
You are too injured to fight recklessly!
You are too injured to fight recklessly!
You are too injured to fight recklessly!
You are too injured to fight recklessly!
You are too injured to fight recklessly!
You hit the worm but do no damage.
The worm is moderately wounded.
You hit the worm but do no damage.
The worm is moderately wounded.
The worm barely misses you.
You hit the worm but do no damage.
The worm is moderately wounded.
The worm bites you!
Ouch! That really hurt!
You die...

.#.....#.# #...).#.#
#.........
.#.###.#.#####.###.#
#.########
.#.###.#.......# #.#
#.#.......
.#...#.####....###.#
#.....####
.###.#....#........#
###.......
.###.####.#....#######
########
.#......#.#....##....#
#.......
...#....#.###'###....#
#.######
...............w@....#
#.#
..........###.###..>.#
#.# ########.## #.#
#....#####.# # #.# #.#
#..[.....).# #
##.####.##############
# #%.............# #
####.........####.# #
#..'.......#.# #.# #
#.##.......#.# #.#


You could see a worm.

Vanquished Creatures
  A dart slug (D:1)
  A bat (D:1)
  3 giant cockroaches (D:1)
  2 goblins (D:1)
  5 hobgoblins (D:1)
  5 kobolds (D:1)
  A frilled lizard (D:1)
  2 rats (D:1)
20 creatures vanquished.

Notes
Turn   | Place    | Note
-------+----------+-------------------------------------------
     0 | D:1      | AlphaAb the Spriggan Transmuter began the quest for the Orb.
     0 | D:1      | Reached XP level 1. HP: 9/9 MP: 5/5
   300 | D:1      | Reached XP level 2. HP: 14/14 MP: 4/6
   713 | D:1      | Slain by a worm

Vault maps used:
D:1:      minmay_arrival_cross, minmay_misc_feat_encased
D:2:      old_standard_altar, first_bread, uniq_robin, uniq_jessica,
          uniq_natasha, uniq_sigmund

Skill      XL: |  1  2 |
---------------+-------+-----
Transmutations | 3 |  3.5
Unarmed Combat | 3 |  3.0
Fighting       | |  0.7
Dodging        | |  3.0
Spellcasting   | |  2.7

Action                   || total
-------------------------++-------
Melee: Unarmed           ||    74
       Kick              ||     6
       Short sword       ||     3
       Headbutt          ||     1
 Cast: Beastly Appendage ||     6
  Use: Scroll            ||     2
 Stab: Sleeping          ||     2
Armor: Robe              ||     2
Dodge: Dodged            ||    46
